| TOP OF THE 1ST |
|
South Bend Cubs batting - Pitching for Dayton Dragons : LHP Jason St. Clair
|
|
Pitching: LHP Jason St. Clair
|
|
|
Batting: RHB Puluke Konane
|
0-0: Ball 1-0: Called Strike 1-1: Called Strike 1-2: Strikes out swinging
|
|
Batting: RHB Andy Huntley
|
0-0: Called Strike 0-1: Swinging Strike 0-2: Ball 1-2: Strikes out swinging
|
|
Batting: RHB Taylor Garofalo
|
0-0: Ball 1-0: Foul Ball, location: 2F 1-1: Ball 2-1: Ball 3-1: DOUBLE (Groundball, 5L, EV 101.2 MPH)
|
|
Batting: RHB Juan Bonilla
|
0-0: Called Strike 0-1: Foul Ball, location: 2F 0-2: Foul Ball, location: 2F 0-2: Ball 1-2: Foul Ball, location: 2F 1-2: Ball 2-2: Foul Ball, location: 2F 2-2: Reached on error, E5 (Groundball, 56, EV 86.9 MPH) Taylor Garofalo scores
|
|
Batting: RHB Roy Battist
|
0-0: Called Strike 0-1: Ball 1-1: Called Strike 1-2: Strikes out swinging
|
| Top of the 1st over - 1 run, 1 hit, 1 error, 1 left on base; South Bend 1 - Dayton 0 |
| BOTTOM OF THE 1ST |
|
Dayton Dragons batting - Pitching for South Bend Cubs : RHP Steve Vint
|
|
Pitching: RHP Steve Vint
|
|
|
Batting: LHB Matt Kennedy
|
0-0: Called Strike 0-1: Ball 1-1: Ball 2-1: Ball 3-1: Base on Balls
|
|
Batting: LHB Chris Redhead
|
0-0: Ball 1-0: Ball 2-0: Called Strike 2-1: Fielders Choice at 2nd, 1-6 (Groundball, 23, EV 74.4 MPH)
|
|
Batting: RHB Andy Bachman
|
0-0: Called Strike 0-1: Ball 1-1: Ball 2-1: Foul Ball, location: 2F 2-2: Ball 3-2: Fly out, F7 (Flyball, 7LS, EV 78.1 MPH)
|
|
Batting: RHB Mark Williams
|
0-0: Foul Ball, location: 2F 0-1: Called Strike 0-2: Fly out, F9 (Line Drive, 9S, EV 89.4 MPH)
|
| Bottom of the 1st over - 0 runs, 0 hits, 0 errors, 1 left on base; South Bend 1 - Dayton 0 |
| TOP OF THE 2ND |
|
South Bend Cubs batting - Pitching for Dayton Dragons : LHP Jason St. Clair
|
|
Batting: RHB Denis Rachin
|
0-0: Ball 1-0: Swinging Strike 1-1: Ball 2-1: Ball 3-1: Base on Balls
|
|
Batting: RHB Ryan Bush
|
0-0: Ball 1-0: Ball 2-0: Swinging Strike 2-1: Foul Ball, location: 2F 2-2: Ball 3-2: Strikes out swinging
|
|
Batting: LHB Adam Conover
|
0-0: SINGLE (Groundball, 56S, EV 64.4 MPH) (infield hit) Denis Rachin to second
|
|
Batting: LHB Hiroki Yamamoto
|
0-0: Ball 1-0: Foul Ball, location: 2F 1-1: Fielders Choice at 2nd, 6-4 (Groundball, 56, EV 109.4 MPH) Denis Rachin to third
|
|
Batting: RHB Puluke Konane
|
0-0: Called Strike 0-1: Swinging Strike 0-2: DOUBLE (Flyball, 8RD, EV 99.4 MPH) Denis Rachin scores Hiroki Yamamoto to third Runner from 3rd tries for Home, SAFE, throw by CF to trailing runner, OUT at third! 8-3-5
|
| Top of the 2nd over - 2 runs, 2 hits, 0 errors, 0 left on base; South Bend 3 - Dayton 0 |
| BOTTOM OF THE 2ND |
|
Dayton Dragons batting - Pitching for South Bend Cubs : RHP Steve Vint
|
|
Batting: RHB Juan Zamora
|
0-0: Ball 1-0: TRIPLE (Flyball, 89XD, EV 91.2 MPH)
|
|
Batting: LHB Ray Walden
|
0-0: Ball 1-0: Ball 2-0: Called Strike 2-1: Ball 3-1: Base on Balls
|
|
Batting: LHB Jeremy Robertson
|
0-0: Foul Ball, location: 2F 0-1: Swinging Strike 0-2: Strikes out swinging
|
|
Batting: RHB Ernie Maldonado
|
0-0: Ball 1-0: Ball 2-0: Ball 3-0: Called Strike 3-1: Base on Balls Ray Walden to second
|
|
Batting: RHB Yutaka Sato
|
0-0: Swinging Strike 0-1: Called Strike 0-2: Grounds into double play, 6-4-3 (Groundball, 6S, EV 89.4 MPH)
|
| Bottom of the 2nd over - 0 runs, 1 hit, 0 errors, 2 left on base; South Bend 3 - Dayton 0 |
| TOP OF THE 3RD |
|
South Bend Cubs batting - Pitching for Dayton Dragons : LHP Jason St. Clair
|
|
Batting: RHB Andy Huntley
|
0-0: Foul Ball, location: 2F 0-1: Foul Ball, location: 2F 0-2: Ball 1-2: Ball 2-2: Ball 3-2: Base on Balls
|
|
Batting: RHB Taylor Garofalo
|
0-0: Ball 1-0: Ball 2-0: Ball 3-0: Base on Balls Andy Huntley to second
|
|
Batting: RHB Juan Bonilla
|
0-0: Called Strike 0-1: Ball 1-1: Ball 2-1: Foul Ball, location: 2F 2-2: Fielders Choice at 2nd, 6-4 (Groundball, 6M, EV 106.2 MPH) Andy Huntley to third
|
|
Batting: RHB Roy Battist
|
0-0: Ball 1-0: Foul Ball, location: 2F 1-1: Foul Ball, location: 2F 1-2: Ball 2-2: Foul Ball, location: 2F 2-2: Ball 3-2: Base on Balls Juan Bonilla to second
|
|
Batting: RHB Denis Rachin
|
0-0: Called Strike 0-1: Swinging Strike 0-2: Strikes out swinging
|
|
Batting: RHB Ryan Bush
|
0-0: Ball 1-0: Called Strike 1-1: Called Strike 1-2: Ball 2-2: Foul Ball, location: 2F 2-2: Strikes out swinging
|
| Top of the 3rd over - 0 runs, 0 hits, 0 errors, 3 left on base; South Bend 3 - Dayton 0 |
| BOTTOM OF THE 3RD |
|
Dayton Dragons batting - Pitching for South Bend Cubs : RHP Steve Vint
|
|
Batting: LHB Matt Kennedy
|
0-0: Ball 1-0: Fly out, F8 (Flyball, 78M, EV 93.1 MPH)
|
|
Batting: LHB Chris Redhead
|
0-0: Ball 1-0: Ball 2-0: Ground out 6-3 (Groundball, 6, EV 81.2 MPH)
|
|
Batting: RHB Andy Bachman
|
0-0: Ball 1-0: Ball 2-0: Foul Ball, location: 2F 2-1: Foul Ball, location: 2F 2-2: Fly out, F8 (Flyball, 8LXD, EV 96.9 MPH)
|
| Bottom of the 3rd over - 0 runs, 0 hits, 0 errors, 0 left on base; South Bend 3 - Dayton 0 |
| TOP OF THE 4TH |
|
South Bend Cubs batting - Pitching for Dayton Dragons : LHP Jason St. Clair
|
|
Batting: LHB Adam Conover
|
0-0: Ball 1-0: Called Strike 1-1: Foul Ball, location: 2F 1-2: Ball 2-2: Strikes out swinging
|
|
Batting: LHB Hiroki Yamamoto
|
0-0: Called Strike 0-1: Reached on error, E4 (Groundball, 4S, EV 86.9 MPH)
|
|
Batting: RHB Puluke Konane
|
0-0: Called Strike 0-1: Foul Ball, location: 2F 0-2: Ball 1-2: Ball 2-2: Strikes out looking
|
|
Batting: RHB Andy Huntley
|
0-0: Ball 1-0: Foul Ball, location: 2F 1-1: Ball 2-1: Ball 3-1: SINGLE (Groundball, 5S, EV 65.0 MPH) (infield hit) Hiroki Yamamoto to second
|
|
Batting: RHB Taylor Garofalo
|
0-0: Called Strike 0-1: Fielders Choice at 2nd, 5-4 (Groundball, 56, EV 90.6 MPH)
|
| Top of the 4th over - 0 runs, 1 hit, 1 error, 2 left on base; South Bend 3 - Dayton 0 |
| BOTTOM OF THE 4TH |
|
Dayton Dragons batting - Pitching for South Bend Cubs : RHP Steve Vint
|
|
Batting: RHB Mark Williams
|
0-0: Ball 1-0: Swinging Strike 1-1: Fly out, F8 (Flyball, 8RD, EV 103.1 MPH)
|
|
Batting: RHB Juan Zamora
|
0-0: Ball 1-0: Fly out, F7 (Flyball, 7D, EV 98.8 MPH)
|
|
Batting: LHB Ray Walden
|
0-0: Foul Ball, location: 2F 0-1: Ball 1-1: Ball 2-1: Ball 3-1: Ground out U3 (Groundball, 3, EV 83.1 MPH)
|
| Bottom of the 4th over - 0 runs, 0 hits, 0 errors, 0 left on base; South Bend 3 - Dayton 0 |
| TOP OF THE 5TH |
|
South Bend Cubs batting - Pitching for Dayton Dragons : LHP Jason St. Clair
|
|
Batting: RHB Juan Bonilla
|
0-0: Ball 1-0: Ground out 6-3 (Groundball, 6S, EV 71.2 MPH)
|
|
Pitching: RHP Aaron McArdle
|
|
|
Batting: RHB Roy Battist
|
0-0: Called Strike 0-1: Foul Ball, location: 2F 0-2: Strikes out looking
|
|
Batting: RHB Denis Rachin
|
0-0: Ball 1-0: Ball 2-0: Ball 3-0: Called Strike 3-1: Base on Balls
|
|
Batting: RHB Ryan Bush
|
0-0: Ground out 5-3 (Groundball, 56S, EV 66.2 MPH)
|
| Top of the 5th over - 0 runs, 0 hits, 0 errors, 1 left on base; South Bend 3 - Dayton 0 |
| BOTTOM OF THE 5TH |
|
Dayton Dragons batting - Pitching for South Bend Cubs : RHP Steve Vint
|
|
Batting: LHB Jeremy Robertson
|
0-0: Ball 1-0: Foul Ball, location: 2F 1-1: Ground out 1-3 (Groundball, 13, EV 71.2 MPH)
|
|
Batting: RHB Ernie Maldonado
|
0-0: Ball 1-0: Ball 2-0: Ball 3-0: Base on Balls
|
|
Batting: RHB Yutaka Sato
|
0-0: Called Strike 0-1: Ball 1-1: Ball 2-1: Ball 3-1: Base on Balls Ernie Maldonado to second
|
|
Batting: LHB Matt Kennedy
|
0-0: Called Strike 0-1: Foul Ball, location: 2F 0-2: Ball 1-2: Ball 2-2: Foul Ball, location: 2F 2-2: Fly out, F3 (Line Drive, 3, EV 68.1 MPH)
|
|
Batting: LHB Chris Redhead
|
0-0: Foul Ball, location: 2F 0-1: Foul Ball, location: 2F 0-2: Ball 1-2: Fly out, F2 (Popup, 3SF, EV 72.5 MPH)
|
| Bottom of the 5th over - 0 runs, 0 hits, 0 errors, 2 left on base; South Bend 3 - Dayton 0 |
| TOP OF THE 6TH |
|
South Bend Cubs batting - Pitching for Dayton Dragons : RHP Aaron McArdle
|
|
Batting: LHB Adam Conover
|
0-0: Called Strike 0-1: Called Strike 0-2: Strikes out swinging
|
|
Batting: LHB Hiroki Yamamoto
|
0-0: Ball 1-0: Foul Ball, location: 2F 1-1: SINGLE (Groundball, 6MS, EV 76.2 MPH) (infield hit)
|
|
Batting: RHB Puluke Konane
|
0-0: Ball 1-0: Called Strike 1-1: Foul Ball, location: 2F 1-2: Fielders Choice at 2nd, 5-4 (Groundball, 25, EV 90.0 MPH)
|
|
Batting: RHB Andy Huntley
|
0-0: Ball Puluke Konane steals 2nd base (no throw) 1-0: Ball 2-0: Ball 3-0: Foul Ball, location: 2F 3-1: Ground out 6-3 (Groundball, 6, EV 86.2 MPH)
|
| Top of the 6th over - 0 runs, 1 hit, 0 errors, 1 left on base; South Bend 3 - Dayton 0 |
| BOTTOM OF THE 6TH |
|
Dayton Dragons batting - Pitching for South Bend Cubs : RHP Steve Vint
|
|
Batting: RHB Andy Bachman
|
0-0: Ball 1-0: Called Strike 1-1: Swinging Strike 1-2: Hit by Pitch
|
|
Batting: RHB Mark Williams
|
0-0: Ball 1-0: Called Strike 1-1: Ball 2-1: Foul Ball, location: 2F 2-2: Fly out, F8 (Line Drive, 8LM, EV 98.1 MPH)
|
|
Pitching: LHP Tom Mooney
|
|
|
Batting: RHB Juan Zamora
|
0-0: Ball Wild Pitch! Andy Bachman to second 1-0: Ball 2-0: Ground out 5-3 (Groundball, 56, EV 98.8 MPH)
|
|
Pinch Hitting: RHB Jake Savell
|
0-0: Ground out 5-3 (Groundball, 56S, EV 85.0 MPH)
|
| Bottom of the 6th over - 0 runs, 0 hits, 0 errors, 1 left on base; South Bend 3 - Dayton 0 |
| TOP OF THE 7TH |
|
South Bend Cubs batting - Pitching for Dayton Dragons : RHP Aaron McArdle
|
|
Pitching: RHP Jalen Patterson
|
|
|
Now at 1B: Jake Savell
|
|
|
Batting: RHB Taylor Garofalo
|
0-0: Ball 1-0: Swinging Strike 1-1: Ball 2-1: Ball 3-1: Fly out, F8 (Line Drive, 8RM, EV 89.4 MPH)
|
|
Batting: RHB Juan Bonilla
|
0-0: Called Strike 0-1: Swinging Strike 0-2: SINGLE (Groundball, 34, EV 100.0 MPH)
|
|
Batting: RHB Roy Battist
|
0-0: Ball 1-0: Ball 2-0: Foul Ball, location: 2F 2-1: Foul Ball, location: 2F 2-2: Foul Ball, location: 2F 2-2: DOUBLE (Line Drive, 78D, EV 105.6 MPH) Juan Bonilla to third
|
|
Batting: RHB Denis Rachin
|
0-0: SINGLE (Groundball, 56, EV 103.8 MPH) Juan Bonilla scores Roy Battist to third Runner from 3rd tries for Home, SAFE, throw by LF to home
|
|
Batting: RHB Ryan Bush
|
0-0: Swinging Strike 0-1: Swinging Strike 0-2: Foul Ball, location: 2F 0-2: Strikes out swinging
|
|
Batting: LHB Adam Conover
|
0-0: Ball 1-0: 2-RUN HOME RUN (Flyball, 89XD, EV 106.2 MPH), Distance : 406 ft
|
|
Pitching: RHP Amador Sadaba
|
|
|
Batting: LHB Hiroki Yamamoto
|
0-0: Swinging Strike 0-1: Ground out 5-3 (Groundball, 5, EV 88.8 MPH)
|
| Top of the 7th over - 4 runs, 4 hits, 0 errors, 0 left on base; South Bend 7 - Dayton 0 |
| BOTTOM OF THE 7TH |
|
Dayton Dragons batting - Pitching for South Bend Cubs : LHP Tom Mooney
|
|
Batting: LHB Jeremy Robertson
|
0-0: Ball 1-0: Foul Ball, location: 2F 1-1: Ball 2-1: Ground out 4-3 (Groundball, 4, EV 93.1 MPH)
|
|
Batting: RHB Ernie Maldonado
|
0-0: Called Strike 0-1: Ball 1-1: Foul Ball, location: 2F 1-2: Foul Ball, location: 2F 1-2: Foul Ball, location: 2F 1-2: Ground out 6-3 (Groundball, 6, EV 96.2 MPH)
|
|
Pinch Hitting: RHB Al Blanchard
|
0-0: Ground out 4-3 (Groundball, 4S, EV 94.4 MPH)
|
| Bottom of the 7th over - 0 runs, 0 hits, 0 errors, 0 left on base; South Bend 7 - Dayton 0 |
| TOP OF THE 8TH |
|
South Bend Cubs batting - Pitching for Dayton Dragons : RHP Amador Sadaba
|
|
Now at 3B: Al Blanchard
|
|
|
Pinch Hitting: RHB Josh Burns
|
0-0: Ball 1-0: Hit by Pitch
|
|
Batting: RHB Andy Huntley
|
0-0: Ball 1-0: Ball 2-0: Ball 3-0: Base on Balls Josh Burns to second
|
|
Batting: RHB Taylor Garofalo
|
0-0: Ball 1-0: Called Strike 1-1: Foul Ball, location: 2F 1-2: DOUBLE (Line Drive, 7LM, EV 109.4 MPH) Josh Burns scores Andy Huntley to third Runner from 3rd tries for Home, SAFE, no throw by LF
|
|
Batting: RHB Juan Bonilla
|
0-0: Ground out 4-3 (Groundball, 4, EV 88.8 MPH) Taylor Garofalo to third
|
|
Batting: RHB Roy Battist
|
0-0: Foul Ball, location: 2F 0-1: Ball 1-1: Ball 2-1: Ground out 4-3 (Groundball, 34, EV 85.0 MPH) Taylor Garofalo scores
|
|
Batting: RHB Denis Rachin
|
0-0: Ball 1-0: Called Strike 1-1: Swinging Strike 1-2: Strikes out looking
|
| Top of the 8th over - 3 runs, 1 hit, 0 errors, 0 left on base; South Bend 10 - Dayton 0 |
| BOTTOM OF THE 8TH |
|
Dayton Dragons batting - Pitching for South Bend Cubs : LHP Tom Mooney
|
|
Now in LF: Josh Burns
|
|
|
Pinch Hitting: LHB Gabe Morales
|
0-0: Fly out, F8 (Flyball, 8RM, EV 85.6 MPH)
|
|
Pinch Hitting: RHB Chris Zamora
|
0-0: Called Strike 0-1: Fly out, F8 (Flyball, 8RXD, EV 86.9 MPH)
|
|
Batting: RHB Andy Bachman
|
0-0: Called Strike 0-1: Called Strike 0-2: Ball 1-2: Strikes out swinging
|
| Bottom of the 8th over - 0 runs, 0 hits, 0 errors, 0 left on base; South Bend 10 - Dayton 0 |
| TOP OF THE 9TH |
|
South Bend Cubs batting - Pitching for Dayton Dragons : RHP Amador Sadaba
|
|
Now at 1B: Chris Zamora
|
|
|
Now in LF: Jake Savell
|
|
|
Now in RF: Gabe Morales
|
|
|
Pinch Hitting: RHB Hugo Torrez
|
0-0: Ball 1-0: Called Strike 1-1: Ball 2-1: Ball 3-1: Called Strike 3-2: Foul Ball, location: 2F 3-2: SINGLE (Groundball, 6MD, EV 105.6 MPH)
|
|
Pitching: RHP Brian Trejo
|
|
|
Batting: LHB Adam Conover
|
0-0: Ball 1-0: Ball Passed Ball! Hugo Torrez to second 2-0: Called Strike 2-1: Reached via error on a dropped throw from 3B, E3 (Groundball, 56, EV 77.5 MPH) Hugo Torrez to third
|
|
Batting: LHB Hiroki Yamamoto
|
0-0: Ball 1-0: Ball 2-0: Called Strike 2-1: Foul Ball, location: 2F 2-2: Ball 3-2: Foul Ball, location: 2F 3-2: Foul Ball, location: 2F 3-2: Single, Error in OF, E8, batter to second base (Groundball, 4MD, EV 100.6 MPH) Hugo Torrez scores Adam Conover to third
|
|
Batting: RHB Josh Burns
|
0-0: Ball 1-0: Foul Ball, location: 2F 1-1: Foul Ball, location: 2F 1-2: Strikes out swinging
|
|
Pinch Hitting: RHB Han-seung Hah
|
0-0: Called Strike 0-1: Ball 1-1: SINGLE (Groundball, 56D, EV 96.2 MPH) Adam Conover scores Hiroki Yamamoto to third Runner from 3rd tries for Home, SAFE, throw by LF to home
|
|
Batting: RHB Taylor Garofalo
|
0-0: Grounds into double play, 6-4-3 (Groundball, 6, EV 101.2 MPH)
|
| Top of the 9th over - 3 runs, 3 hits, 2 errors, 0 left on base; South Bend 13 - Dayton 0 |
| BOTTOM OF THE 9TH |
|
Dayton Dragons batting - Pitching for South Bend Cubs : LHP Tom Mooney
|
|
Now at 2B: Hugo Torrez
|
|
|
Now in CF: Roy Battist
|
|
|
Now in RF: Han-seung Hah
|
|
|
Batting: RHB Mark Williams
|
0-0: Called Strike 0-1: SOLO HOME RUN (Flyball, 7LD, EV 95.0 MPH), Distance : 355 ft
|
|
Batting: RHB Juan Zamora
|
0-0: Ball 1-0: SINGLE (Groundball, 6M, EV 98.8 MPH)
|
|
Batting: RHB Jake Savell
|
0-0: Grounds into double play, 6-4-3 (Groundball, 6, EV 84.4 MPH)
|
|
Batting: LHB Jeremy Robertson
|
0-0: Called Strike 0-1: Ball 1-1: Ball 2-1: Fly out, F8 (Line Drive, 8LD, EV 93.8 MPH)
|
| Bottom of the 9th over - 1 run, 2 hits, 0 errors, 0 left on base; South Bend 13 - Dayton 1 |
|